 Dungeon Crawl Stone Soup version 0.32-a0-630-g46d191b0ed (console) character file.

Game seed: 11055180116114788273

1665966 elliptic the Cloud Mage (level 27, 273/273 HPs)
             Began as a Coglin Hedge Wizard on Mar 5, 2024.
             Was the Champion of Ashenzari.
             Escaped with the Orb
             ... and 3 runes on Mar 7, 2024!
             The game lasted 05:32:43 (71255 turns).

elliptic the Cloud Mage (Coglin Hedge Wizard)      Turns: 71255, Time: 05:32:44

Health: 273/273    AC: 26    Str: 12    XL:     27
Magic:  25/39      EV: 37    Int: 15    God:    Ashenzari [******]
Gold:   7105       SH:  0    Dex: 33    Spells: 26/51 levels left

rFire   + + .        a - staff "Overhang to Understand" (curse) {rElec Air, Marisol, Dev, Cun, norare} (curse)
rCold   . . .        b - staff of the Bound Burden (curse) {rElec Air, Harkiran, Self, Dev} (curse)
rNeg    . . .        i - +4 ring mail of the Sublime Seer {Dex+4, Dev, Sorc} (curse)
rPois   +            r - +2 helmet of Cremastomancy {Dev, Sorc} (curse)
rElec   +            U - +2 cloak of the Celestial Sage {Will+, Cun, Dev} (curse)
rCorr   .            Q - +1 pair of gloves of Ashenzari's Planets {rF+ Dex+4, Self, Elem} (curse)
SInv    +            u - +3 pair of seven-league boots {Rampage+∞, Dev, Self} (curse)
Will    ++++.        (amulet unavailable)
Stlth   +            (ring unavailable)
HPRegen 0.65/turn    (ring unavailable)
MPRegen 0.26/turn    R
                       - N-90 hypercapacitor {Gadgeteer, rF+ Will+}

%: clarity, rampage+inf
@: hasted, studying Unarmed Combat, very quick
A: off-hand wielding, slow wielding, warmup strikes, no jewellery, poison
resistance, robust 1, no potion heal 1
0: Orb of Zot
}: 3/15 runes: decaying, silver, gossamer
a: Renounce Religion, Shatter the Chains


You escaped.
You worshipped Ashenzari.
Ashenzari was exalted by your worship.
You visited 11 branches of the dungeon, and saw 51 of its levels.
You also visited: Ossuary, Bailey and Desolation.

You collected 11088 gold pieces.
You spent 3983 gold pieces at shops.


Innate Abilities, Weirdness & Mutations

You can wield a second weapon in your off-hand.
It takes a long time for you to wield or remove held weapons.
Your first few attacks do less damage.
You cannot equip rings or amulets.
Your system is resistant to poisons. (rPois)
You are robust. (+10% HP)
Potions are less effective at restoring your health.


   Skills:
 - Level 22.8(27) Fighting
 - Level 2.4 Short Blades
 - Level 12.0 Staves
 - Level 13.0 Armour
 + Level 21.4(24.6) Dodging
 - Level 1.5(3.9) Stealth
 - Level 8.0(12.7) Spellcasting
 - Level 2.2(4.9) Conjurations
 - Level 2.0 Summonings
 - Level 5.0 Translocations
 - Level 9.2(11.6) Ice Magic
 - Level 25.0(27) Air Magic
 - Level 19.8(27) Evocations


You had 26 spell levels left.
You knew the following spells:

 Your Spells              Type           Power      Damage    Failure   Level
a - Airstrike             Air            58%        2d(9-25)  0%          4
b - Vhi's Electric Charg  Tloc/Air       100%       N/A       1%          4
m - Maxwell's Capacitive  Air            58%        death     1%          8
s - Swiftness             Air            100%       N/A       0%          3
v - Blink                 Tloc           48%        N/A       2%          2
w - Hailstorm             Conj/Ice       34%        3d8       1%          3
A - Apportation           Tloc           48%        N/A       1%          1

Your spell library contained the following spells:

 Spells                   Type           Power      Damage    Failure   Level
 Freeze                   Ice            100%       1d10      1%          1
 Magic Dart               Conj           96%        1d7       1%          1
 Shock                    Conj/Air       100%       1d9       1%          1
 Cigotuvi's Dreadful Rot  Necr/Alch/Air  100%       N/A       1%          2
 Ensorcelled Hibernation  Hex/Ice        54%        N/A       1%          2
 Mercury Vapours          Alch/Air       100%       N/A       1%          2
 Frozen Ramparts          Ice            88%        1d14      1%          3
 Mephitic Cloud           Conj/Alch/Air  76%        N/A       1%          3
 Arcjolt                  Conj/Air       46%        1d56      1%          5
 Lesser Beckoning         Tloc           48%        N/A       2%          2
 Momentum Strike          Conj/Tloc      48%        3d9       2%          2
 Summon Ice Beast         Ice/Summ       30%        N/A       2%          3
 Conjure Ball Lightning   Conj/Air       46%        3x3d16    3%          6
 Foxfire                  Conj/Fire      68%        2x1d7     4%          1
 Kiss of Death            Conj/Necr      64%        2d10      4%          1
 Sting                    Conj/Alch      68%        1d7       4%          1
 Gell's Gravitas          Tloc           24%        N/A       4%          3
 Teleport Other           Tloc           24%        N/A       4%          3
 Summon Small Mammal      Summ           60%        N/A       6%          1
 Plasma Beam              Fire/Air       42%        2x1d56    8%          6
 Call Imp                 Summ           30%        N/A       9%          2
 Sandblast                Erth           20%        2d7       12%         1
 Necrotise                Necr           36%        1d5       13%         1
 Slow                     Hex            36%        N/A       13%         1
 Volatile Blastmotes      Fire/Tloc      34%        2d12      13%         3
 Dazzling Flash           Conj/Hex       32%        N/A       14%         3
 Stone Arrow              Conj/Erth      34%        3d9       14%         3
 Scorch                   Fire           20%        2d5       17%         2
 Call Canine Familiar     Summ           15%        N/A       17%         3
 Iskenderun's Mystic Bla  Conj/Tloc      24%        2d7       17%         4
 Manifold Assault         Tloc           24%        N/A       17%         4
 Passage of Golubria      Tloc           24%        N/A       17%         4
 Jinxbite                 Hex            18%        N/A       21%         2
 Sublimation of Blood     Necr           9%         N/A       21%         2
 Passwall                 Erth           10%        N/A       34%         3
 Confusing Touch          Hex            9%         N/A       36%         3
 Inner Flame              Hex/Fire       10%        N/A       36%         3
 Sigil of Binding         Hex            9%         N/A       36%         3
 Tukima's Dance           Hex            9%         N/A       36%         3
 Vampiric Draining        Necr           9%         2d6       36%         3
 Brom's Barrelling Bould  Conj/Erth      17%        2d4       41%         4
 Flame Wave               Conj/Fire      17%        2d7       41%         4
 Fulminant Prism          Conj/Alch      8%         3d7       41%         4
 Dimensional Bullseye     Hex/Tloc       8%         N/A       43%         4
 Animate Armour           Summ/Erth      26%        N/A       63%         4
 Martyr's Knell           Necr/Summ      12%        N/A       65%         4
 Summon Forest            Summ/Tloc      10%        N/A       65%         5
 Ozocubu's Refrigeration  Ice            22%        4d12      67%         7
 Olgreb's Toxic Radiance  Alch           11%        N/A       71%         4
 Petrify                  Alch/Erth      10%        N/A       73%         4
 Fireball                 Conj/Fire      8%         3d6       77%         5
 Irradiate                Conj/Alch      8%         3d14      77%         5
 Dispel Undead            Necr           9%         3d8       78%         4
 Sculpt Simulacrum        Ice/Alch       13%        N/A       86%         6
 Summon Mana Viper        Hex/Summ       12%        N/A       94%         5
 Dispersal                Tloc           12%        N/A       95%         6
 Alistair's Intoxication  Alch           7%         N/A       96%         5
 Yara's Violent Unravell  Hex/Alch       5%         3d4       97%         5
 Death Channel            Necr           4%         N/A       100%        6
 Eringya's Noxious Bog    Alch           5%         4d6       100%        6
 Starburst                Conj/Fire      8%         6d4       100%        6
 Summon Cactus Giant      Summ           7%         N/A       100%        6
 Haunt                    Necr/Summ      6%         N/A       100%        7
 Monstrous Menagerie      Summ           7%         N/A       100%        7
 Spellforged Servitor     Conj/Summ      10%        N/A       100%        7
 Summon Hydra             Summ           7%         N/A       100%        7
 Discord                  Hex            4%         N/A       100%        8
 Disjunction              Tloc           12%        N/A       100%        8
 Ignition                 Fire           5%         3d4       100%        8
 Lehudib's Crystal Spear  Conj/Erth      8%         10d4      100%        8
 Chain Lightning          Conj/Air       46%        3d61      100%        9
 Fire Storm               Conj/Fire      8%         8d2       100%        9
 Polar Vortex             Ice            22%        12d2*     100%        9
 Shatter                  Erth           5%         3d8*      100%        9

Inventory:

Missiles
 e - 12 throwing nets
 n - 15 curare-tipped darts
Armour
 i - the cursed +4 ring mail of the Sublime Seer (worn) {Dex+4, Dev, Sorc}
   (You bought it in a shop on level 5 of the Dungeon)

   Dex+4:     It affects your dexterity (+4).
   It has a curse which improves the following skills: Devices: Evocations and
   Shapeshifting.
   Sorcery:   Conjurations and Alchemy.
 r - the cursed +2 helmet of Cremastomancy (worn) {Dev, Sorc}
   (You found it on level 2 of the Dungeon)

   It has a curse which improves the following skills: Devices: Evocations and
   Shapeshifting.
   Sorcery:   Conjurations and Alchemy.
 u - the cursed +3 pair of seven-league boots (worn) {Rampage+∞, Dev, Self}
   (You acquired it on level 8 of the Dungeon)

   Rampage+∞: When moving toward enemies, its wearer moves as far as possible,
   alerting their target en route.
   It has a curse which improves the following skills: Devices: Evocations and
   Shapeshifting.
   Introspection: Fighting and Spellcasting.
 Q - the cursed +1 pair of gloves of Ashenzari's Planets (worn) {rF+ Dex+4, Self, Elem}
   (You found it on level 3 of the Elven Halls)

   Dex+4:     It affects your dexterity (+4).
   rF+:       It protects you from fire.
   It has a curse which improves the following skills: Introspection: Fighting
   and Spellcasting.
   Elements:  Fire Magic, Ice Magic, Air Magic and Earth Magic.
 U - the cursed +2 cloak of the Celestial Sage (worn) {Will+, Cun, Dev}
   (You bought it in a shop on level 2 of the Orcish Mines)

   It has a curse which improves the following skills: Cunning: Dodging and
   Stealth.
   Devices:   Evocations and Shapeshifting.
 W - the -2 hat of the Alchemist {rElec rPois rF+ rC+ rN+ Will+ rMut rCorr}
   (You found it on level 9 of the Dungeon)

   rF+:       It protects you from fire.
   rC+:       It protects you from cold.
   rElec:     It insulates you from electricity.
   rPois:     It protects you from poison.
   rN+:       It protects you from negative energy.
   Will+:     It increases your willpower.
   rCorr:     It protects you from acid and corrosion.
   rMut:      It protects you from mutation.
Magical Staves
 a - the cursed staff "Overhang to Understand" (weapon) {rElec Air, Marisol, Dev, Cun, norare}
   (You found it on level 2 of the Orcish Mines)

   [staff of air]

   Base accuracy: +5 Base damage: 5 Base attack delay: 1.2 This weapon's minimum
   attack delay (0.6) is reached at skill level 12.
   rElec:     It insulates you from electricity.
   Air:       It increases the power of your Air spells.
   It falls into the 'Staves' category.
   It is a one-graspered weapon.
   It has a curse which improves the following skills: Devices: Evocations and
   Shapeshifting.
   Cunning:   Dodging and Stealth.
 b - the cursed staff of the Bound Burden (offhand) {rElec Air, Harkiran, Self, Dev}
   (You found it on level 8 of the Dungeon)

   [staff of air]

   Base accuracy: +5 Base damage: 5 Base attack delay: 1.2 This weapon's minimum
   attack delay (0.6) is reached at skill level 12.
   rElec:     It insulates you from electricity.
   Air:       It increases the power of your Air spells.
   It falls into the 'Staves' category.
   It is a one-graspered weapon.
   It has a curse which improves the following skills: Introspection: Fighting
   and Spellcasting.
   Devices:   Evocations and Shapeshifting.
 v - a staff of air
Gizmo
 R - a N-90 hypercapacitor (installed) {Gadgeteer, rF+ Will+}
   (You invented it yourself on level 3 of the Lair of Beasts)

   [N-90 hypercapacitor]

   Gadgeteer: Your evocable items recharge 30% faster and wands have a 30%
   chance to not spend a charge.
   rF+:       It protects you from fire.
   Will+:     It increases your willpower.
Wands
 c - a wand of paralysis (63)
 h - a wand of roots (24)
 o - a wand of digging (30)
 s - a wand of polymorph (20)
 L - a wand of mindburst (22)
 S - a wand of quicksilver (9)
Scrolls
 t - 4 scrolls of butterflies
 x - 10 scrolls of fear
 y - 7 scrolls of poison
 D - a scroll of enchant armour
 E - 17 scrolls of teleportation
 H - 7 scrolls of fog
 K - 5 scrolls of revelation
 N - 7 scrolls of vulnerability
 O - 6 scrolls of amnesia
 Z - 6 scrolls of silence {!r}
Potions
 d - 5 potions of magic
 f - 13 potions of curing
 j - 8 potions of heal wounds
 l - 6 potions of invisibility
 p - a potion of berserk rage {!q}
 w - 3 potions of resistance
 z - 13 potions of might
 A - 4 potions of mutation {!q}
 C - 7 potions of brilliance
 J - a potion of cancellation
 T - 7 potions of enlightenment
Miscellaneous
 k - a phantom mirror
 m - a box of beasts
 B - a condenser vane
 P - a phial of floods (inert)
 Y - a lightning rod (4/4)


Message History

You feel your power leaking away.
You feel charge building up... Wonny completely misses you.
You feel charge building up... Wonny tail-slaps you!
You feel your power leaking away.
You feel charge building up... Wonny misses you.
The electricity discharges through Wonny!!!!!
Wonny vaporises in an electric haze!
You kill Wonny!
Aiming: Dig
Press: ? - help, Shift-Dir - straight line, f - you Please select a direction to dig.
This square is covered in magical glow.
The rock shatters into small pieces.
You conserve a charge of your wand.
There is a stone staircase leading up here.
You climb upwards.
There is a stone staircase leading down here.
You open the door.
There is an open door here.
There is a stone staircase leading up here.
You climb upwards.
There is a stone staircase leading down here.
You sense a monster nearby.
A hellwing comes into view.
The hellwing gives a chilling moan.
There is a stone staircase leading up here.
You feel yourself speed up.
You climb upwards.
There is a stone staircase leading down here.
Aiming: Dig
Press: ? - help, Shift-Dir - straight line, f - you Please select a direction to dig.
A stone staircase leading down.
This square is covered in magical glow.
The rock shatters into small pieces.
HP restored.
There is an open door here.
You open the door.
There is an open door here.
There is an open door here.
There is a staircase leading out of the dungeon here.
You have escaped!

.#.#..#...............#
.#.#.########.#..################
.#.............#'# #.........
##.##.#######..#.# #.........
.#....# #......#+# #.........
.#.#### #.#....#.# #.........
.#.# #.#...##'## #......... .#.#
#.#####...######.........
.#.######.'.'.'.@.'.'.'..........
.#........#####...#####...#####'#
########### ##'### #..## #.# .#
#.#.####.#.## #.# .#
#'#.........## #.# .#
#.#.####.#.#.###.# .#
#'#......#.##.##.# .#
#.#..#####.###.#.#
.###############....#####.# ##..#


There were no monsters in sight!

Vanquished Creatures
  2 pandemonium lords
  An ancient lich (Vaults:5)
  3 dread liches
  Khufu (Crypt:3)
  4 orbs of fire (Zot:5)
  4 juggernauts
  Vv (Crypt:3)
  Boris (twice) (Crypt:2 Zot:1)
  3 Killer Klowns (Zot:5)
  3 curse toes
  A caustic shrike (Depths:2)
  10 golden dragons
  Norris (Depths:1)
  the Enchantress (Depths:3)
  A bone dragon (Crypt:3)
  An electric golem (Zot:5)
  Arachne (Spider:3)
  A doom hound (Zot:3)
  Mlioglotl (Spider:2)
  Zenata (Vaults:1)
  16 tentacled monstrosities
  2 walking crystal tomes (Depths:3)
  A shard shrike skeleton (Crypt:1)
  8 liches
  Jorgrun (Elf:1)
  Grunn (Zot:3)
  12 acid blobs (Zot:3)
  3 quicksilver dragons
  23 Orb Guardians
  Asterion (Vaults:3)
  2 deep elf master archers (Elf:3)
  A walking frostbound tome (Depths:3)
  6 death cobs
  A walking divine tome (Depths:2)
  8 sphinxes
  3 deep elf blademasters
  5 titans
  An ancient champion (Crypt:1)
  Gastronok (Lair:1)
  An Executioner (Zot:1)
  10 draconian monks
  12 tengu reavers
  12 storm dragons
  3 thorn hunters
  Donald (Swamp:1)
  7 shadow dragons
  A daeva (Vaults:1)
  3 protean progenitors
  8 draconian knights
  A demonspawn warmonger (Zot:1)
  7 draconian shifters
  6 fire giants
  5 deep elf sorcerers
  5 ghost moths
  9 frost giants
  3 iron dragons
  8 emperor scorpions (Spider:4)
  21 vault wardens
  A curse skull (Crypt:2)
  9 draconian scorchers
  A reaper (Crypt:2)
  4 orc warlords
  4 imperial myrmidons (Desolation)
  A caustic shrike zombie (Depths:3)
  A draconian stormcaller (Zot:5)
  5 ghouls
  A cacodemon (Zot:1)
  4 draconian annihilators
  6 deep elf elementalists (Elf:3)
  4 very ugly things
  12 ironbound preservers
  4 spriggan defenders
  A demonspawn corrupter (Zot:1)
  The ghost of bronco the Convoker, a journeyman DENe of Beogh (Orc:2)
  16 stone giants
  2 broodmothers
  2 formless jellyfish
  9 green draconians
  8 ironbound thunderhulks
  2 eleionomae
  6 deep elf demonologists
  11 deep elf death magi
  13 purple draconians
  29 yellow draconians
  15 vampire knights
  12 black draconians
  8 red draconians
  13 war gargoyles
  8 dire elephants
  Azrael (D:13)
  6 deep elf annihilators
  12 white draconians
  2 halazid warlocks (Desolation)
  4 bunyips
  5 eidola
  14 ettins
  Josephine (Orc:2)
  12 ragged hierophants (Desolation)
  6 crystal guardians
  A shambling mangrove (Swamp:2)
  9 fire dragons
  Fannar (Lair:2)
  8 entropy weavers
  4 jiangshi
  A quicksilver dragon zombie (Crypt:2)
  Erolcha (D:13)
  5 deep elf high priests
  4 yaktaur captains
  22 peacekeepers
  A spriggan zombie (Crypt:2)
  6 ice dragons
  32 vault guards
  Harold (Orc:1)
  7 servants of whispers (Desolation)
  4 rakshasas
  6 great orbs of eyes
  7 alligators
  4 ironbound frosthearts
  12 hydras
  2 ghost crabs
  6 spriggan air magi
  5 centaur warriors
  Erica (D:9)
  2 catoblepae
  A fenstrider witch skeleton (Crypt:2)
  2 radroaches
  3 ogre magi
  28 dancing weapons
  3 spriggan skeletons
  3 deep troll shamans (Depths:1)
  13 boulder beetles
  8 two-headed ogres
  2 orc high priests
  3 death yaks
  15 spriggan berserkers
  An occultist (D:15)
  2 vampire magi
  5 tengu warriors
  7 deep troll earth magi
  2 demonic crawlers
  A titan zombie (Crypt:3)
  Sonja (Lair:4)
  3 titan skeletons
  18 hell knights
  A sun demon (Depths:2)
  An emperor scorpion zombie (Crypt:1)
  17 deep elf knights
  A shadow wraith (Crypt:2)
  25 skeletal warriors
  3 skysharks (Depths:1)
  5 goliath frogs
  A salamander mystic (Depths:1)
  13 iron trolls
  2 spark wasp zombies
  2 death drakes
  2 pharaoh ants
  10 orb spiders
  44 deep trolls
  8 glowing orange brains
  A glowing orange brain (shapeshifter) (Depths:3)
  Lodul (D:13)
  2 bunyip skeletons (Crypt:1)
  3 spriggan druids
  12 deep elf archers
  A spriggan simulacrum (Crypt:2)
  2 flayed ghosts (Depths:3)
  4 swamp dragons
  16 phantasmal warriors
  8 bog bodies
  A sun moth (Spider:3)
  25 deep elf zephyrmancers
  7 steelbarb worms
  16 arcanists
  12 lindwurms
  2 sea snakes (shapeshifter) (Vaults:5)
  A lindwurm (shapeshifter) (Vaults:5)
  An orange crystal statue (Vaults:3)
  A spectral alligator (Swamp:4)
  An orc sorcerer (Orc:2)
  22 ironbound convokers
  26 deep elf pyromancers
  14 necromancers
  3 thermic dynamos (Elf:1)
  An iron dragon zombie (Crypt:3)
  12 orc knights
  2 spectral hydras (Swamp:4)
  9 wolf spiders
  3 oklob plants (Zot:3)
  A wolf spider (shapeshifter) (Vaults:5)
  5 will-o-the-wisps
  A shining eye (shapeshifter) (Vaults:4)
  42 ugly things
  3 alligator zombies (Swamp:4)
  6 cyclopes
  A shadow dragon skeleton (Crypt:1)
  An ugly thing (shapeshifter) (Vaults:5)
  A cyclops (shapeshifter) (D:13)
  3 salamanders (Depths:1)
  3 manticores
  9 elephants
  4 meliai
  22 moths of wrath
  2 rust devils
  An elephant (shapeshifter) (Vaults:5)
  22 vault sentinels
  A fire giant skeleton (Crypt:1)
  A centaur zombie (Crypt:3)
  6 guardian serpents (Desolation)
  10 torpor snails
  3 kobold blastminers
  A water nymph (shapeshifter) (Vaults:4)
  6 black mambas
  A draconian skeleton (Crypt:3)
  2 eyes of devastation (shapeshifter)
  An orange demon (D:10)
  A gargoyle (D:11)
  12 cane toads
  An unseen horror (D:11)
  3 smoke demons
  4 rime drakes
  A yellow draconian zombie (Crypt:1)
  An unseen horror zombie (Crypt:2)
  3 swamp worm zombies (Swamp:4)
  A kobold demonologist (D:9)
  10 komodo dragons
  A tengu conjurer (Depths:4)
  A freezing wraith (Vaults:5)
  32 yaktaurs
  A purple draconian skeleton (Crypt:1)
  2 red devils (D:10)
  2 harpy zombies (Crypt:1)
  2 hellwings
  2 bloated husks
  3 polar bears
  5 trolls
  A hornet (shapeshifter) (D:13)
  4 hydra zombies
  21 tarantellas
  10 blink frogs
  20 hornets
  95 saltlings
  A hydra skeleton (Crypt:1)
  A tengu simulacrum (Depths:3)
  An ettin zombie (Crypt:3)
  12 tyrant leeches
  3 spectral swamp dragons (Swamp:4)
  2 snapping turtles (shapeshifter)
  22 slime creatures
  9 dream sheep (Lair:5)
  A centaur simulacrum (D:14)
  2 fire dragon zombies (Crypt:3)
  An air elemental (Elf:3)
  11 water elementals
  22 jumping spiders
  10 wraiths
  4 tyrant leech zombies (Swamp:4)
  17 culicivoras
  15 spriggans
  61 yaks
  4 wyverns
  6 fire elementals
  3 basilisks
  A steam dragon (Lair:2)
  2 chaos spawn
  6 vampire mosquitoes
  2 wargs
  55 redbacks
  15 swamp worms
  A harpy simulacrum (Crypt:2)
  A water nymph zombie (Crypt:2)
  5 hell hounds (D:13)
  3 naga zombies (Crypt:3)
  21 water moccasins
  2 acid dragons (D:10)
  4 naga skeletons
  9 swamp drakes
  58 orc warriors
  4 swamp dragon zombies (Swamp:4)
  2 black bears
  An ice beast (D:8)
  26 laughing skulls
  20 ogres
  A boggart (Vaults:2)
  15 centaurs
  7 wolves
  8 phantoms
  2 kobold brigands (D:9)
  11 bullfrogs
  A salamander skeleton (Crypt:2)
  2 scorpions (D:5)
  A gnoll sergeant (D:10)
  An earth elemental (Elf:1)
  A komodo dragon skeleton (Crypt:1)
  A cyclops skeleton (Crypt:1)
  16 killer bees
  A howler monkey (D:13)
  5 bombardier beetles
  2 electric eels
  2 hounds
  27 jellies
  16 orc priests
  Jessica (D:2)
  14 orc wizards
  Natasha (thrice) (D:2)
  2 iguanas
  A hell rat (Lair:5)
  2 crocodile zombies (Ossuary)
  5 mummies
  11 gnolls
  3 adders
  6 river rats (Lair:5)
  2 shadow imps
  A white imp (D:7)
  An adder zombie (Crypt:1)
  2 dart slugs
  2 ribbon worms (D:3)
  108 orcs
  6 ball pythons
  8 bats
  3 endoplasms
  3 giant cockroaches (D:2)
  3 gnoll zombies (Ossuary)
  15 goblins
  17 hobgoblins
  20 kobolds
  3 quokkas
  A ball python skeleton (Crypt:1)
  4 frilled lizards (D:2)
  A hobgoblin skeleton (Crypt:2)
  3 kobold zombies (Ossuary)
  11 rats
  A rat skeleton (Crypt:2)
  2 aspiring fleshes (Zot:1)
  A butterfly (Lair:3)
2385 creatures vanquished.

Vanquished Creatures (collateral kills)
  Nikola (Spider:3)
  A bone dragon (Swamp:4)
  An angel (Vaults:1)
  A deep elf demonologist (Elf:1)
  4 spark wasps (Depths:3)
  A crystal guardian (Vaults:4)
  A great orb of eyes (Vaults:2)
  4 dancing weapons
  A deep elf knight (Elf:1)
  A harpy (shapeshifter) (Elf:1)
  2 deep elf zephyrmancers (Elf:1)
  A deep elf pyromancer (Elf:1)
  2 wolf spiders
  2 komodo dragons
  Prince Ribbit (D:7)
  Sigmund (D:5)
  9 yaks
  Edmund (D:5)
  A water moccasin (D:8)
  An orc warrior (D:8)
  An ice beast (D:6)
  An ogre (D:6)
  A centaur (D:11)
  A nameless horror (D:5)
  2 scorpions (D:6)
  2 bullfrogs
  4 wights (D:6)
  A gnoll bouda (D:7)
  A hound (D:6)
  A sleepcap (D:8)
  An iguana (D:6)
  An orc wizard (D:6)
  A crocodile zombie (Ossuary)
  4 gnolls
  3 adders (D:2)
  A shadow imp (D:7)
  7 orcs
  A goblin (Bailey)
  5 hobgoblins
  2 ball pythons (D:4)
  A kobold (D:2)
  A kobold zombie (Ossuary)
80 creatures vanquished.

Vanquished Creatures (others)
  A jorogumo (Spider:3)
  A dancing weapon (Crypt:3)
  A deep elf zephyrmancer (Elf:1)
  A vault sentinel (Vaults:1)
  A yaktaur (D:15)
  3 bloated husks (Swamp:4)
  2 tarantellas
  A jumping spider (Spider:3)
  A jelly (Zot:3)
  14 foxfires
26 creatures vanquished.

Grand Total: 2491 creatures vanquished

Notes
Turn   | Place    | Note
-------+----------+-------------------------------------------
     0 | D:1      | elliptic the Coglin Hedge Wizard began the quest for the
                  | Orb.
     0 | D:1      | Reached XP level 1. HP: 13/13 MP: 4/4
   229 | D:1      | Reached skill level 1 in Fighting
   318 | D:1      | Reached XP level 2. HP: 21/21 MP: 1/5
   321 | D:1      | Learned a level 2 spell: Call Imp
   324 | D:1      | Learned a level 2 spell: Blink
   411 | D:1      | why
  1612 | D:2      | hm
  1705 | D:2      | Reached XP level 3. HP: 27/27 MP: 4/7
  1803 | D:2      | Noticed Jessica
  1804 | D:2      | hm
  1804 | D:2      | sort of scared
  1828 | D:2      | Found a snail-covered altar of Cheibriados.
  1895 | D:2      | Reached skill level 1 in Short Blades
  1975 | D:2      | Reached XP level 4. HP: 34/34 MP: 8/8
  2199 | D:2      | Noticed Natasha
  2200 | D:2      | um
  2205 | D:2      | Killed Natasha
  2251 | D:2      | Noticed Natasha
  2267 | D:2      | Killed Natasha
  2430 | D:2      | Reached XP level 5. HP: 40/40 MP: 7/9
  2454 | D:2      | Noticed Natasha
  2471 | D:2      | Killed Natasha
  2472 | D:2      | Reached skill level 3 in Fighting
  2775 | D:3      | Found a glowing golden altar of the Shining One.
  2962 | D:3      | Reached skill level 1 in Evocations
  3114 | D:3      | Found a faded altar of an unknown god.
  3335 | D:3      | Reached skill level 3 in Evocations
  3910 | D:3      | Reached XP level 6. HP: 47/47 MP: 10/10
  3959 | D:4      | Reached skill level 1 in Ice Magic
  4041 | D:4      | Found a sand-covered staircase.
  4049 | Ossuary  | Entered an ossuary
  4050 | Ossuary  | hm
  4060 | Ossuary  | eh
  4111 | Ossuary  | hm
  4689 | D:2      | Killed Jessica
  5011 | D:4      | Reached skill level 3 in Ice Magic
  5011 | D:4      | Reached XP level 7. HP: 51/52 MP: 8/11
  5015 | D:4      | Learned a level 3 spell: Summon Ice Beast
  5063 | D:4      | Found a shimmering blue altar of Sif Muna.
  5481 | D:5      | Entered Level 5 of the Dungeon
  5683 | D:5      | Noticed Edmund
  5697 | D:5      | Noticed a nameless horror
  5698 | D:5      | oh
  5698 | D:5      | meh
  5698 | D:5      | hm
  5924 | D:5      | Learned a level 3 spell: Hailstorm
  5963 | D:5      | Killed a nameless horror
  5968 | D:5      | Noticed Sigmund
  5970 | D:5      | hi
  5976 | D:5      | oh
  5995 | D:5      | Found Faw Coyq's Assorted Antiques.
  6056 | D:5      | Killed Edmund
  6057 | D:5      | Reached XP level 8. HP: 58/58 MP: 7/12
  6160 | D:5      | hm
  6169 | D:5      | Killed Sigmund
  6170 | D:5      | Reached skill level 6 in Ice Magic
  6591 | D:5      | Reached skill level 3 in Spellcasting
  6624 | D:5      | Bought a dazzling ring mail for 198 gold pieces
  6624 | D:5      | Identified the +4 ring mail of Moral Flaws {Dex+4} (You
                  | bought it in a shop on level 5 of the Dungeon)
  6646 | D:5      | Bought a blue potion for 19 gold pieces
  6670 | D:6      | Found a staircase to the Ecumenical Temple.
  6679 | Temple   | Entered the Ecumenical Temple
  6687 | Temple   | Became a worshipper of Ashenzari the Shackled
  6860 | D:6      | hm
  7224 | D:6      | Noticed a yak
  7227 | D:6      | Noticed a yak
  7244 | D:6      | Noticed a yak
  7247 | D:6      | Killed a yak
  7248 | D:6      | Noticed a yak
  7251 | D:6      | Noticed a yak
  7255 | D:6      | Killed a yak
  7256 | D:6      | Reached XP level 9. HP: 64/64 MP: 9/13
  7289 | D:6      | Reached skill level 9 in Ice Magic
  8003 | D:6      | Reached skill level 1 in Conjurations
  8200 | D:6      | Identified the +0 cloak of Gauxe {rN+ Str+4}
  8483 | D:7      | Reached skill level 6 in Evocations
  8501 | D:7      | Noticed a hornet
  8518 | D:7      | Killed a hornet
  8697 | D:7      | Noticed Prince Ribbit
  8700 | D:7      | Killed Prince Ribbit
  8907 | D:7      | Reached XP level 10. HP: 70/70 MP: 13/16
  8915 | D:7      | Identified the ring of the Iron Devil {^Contam rPois rCorr
                  | AC+4 Str-3}
  9223 | D:7      | Reached skill level 9 in Evocations
  9420 | D:8      | Reached skill level 1 in Staves
  9435 | D:7      | Reached skill level 3 in Staves
  9492 | D:8      | Found a flagged portal.
  9502 | Bailey   | Entered a bailey
  9510 | Bailey   | Reached * piety under Ashenzari
  9617 | Bailey   | Noticed an orc knight
  9653 | Bailey   | Killed an orc knight
  9654 | Bailey   | Reached skill level 3 in Dodging
 10021 | Bailey   | Identified the amulet "Oteitwel" {Regen+ Str+2}
 10029 | Bailey   | Noticed an orc warlord
 10122 | Bailey   | hm
 10664 | D:8      | Acquired the +3 pair of seven-league boots {Rampage+∞}
 10664 | D:8      | Found the +3 pair of seven-league boots {Rampage+∞}
 10844 | D:8      | Found a staircase to the Lair.
 11150 | D:8      | Reached ** piety under Ashenzari
 11470 | D:9      | Reached skill level 6 in Staves
 11470 | D:9      | Reached XP level 11. HP: 77/77 MP: 17/17
 11603 | D:9      | Noticed a cyclops
 11603 | D:9      | Noticed a cyclops
 11604 | D:9      | what
 11604 | D:9      | why did it move there
 11995 | D:9      | Noticed Erica
 11996 | D:9      | um
 11996 | D:9      | why
 11999 | D:9      | Killed Erica
 12151 | D:9      | eh
 12282 | D:9      | Killed a cyclops
 12420 | D:9      | Noticed a deep elf pyromancer
 12420 | D:9      | Noticed a centaur warrior
 12423 | D:9      | hm
 12426 | D:9      | Killed a deep elf pyromancer
 12429 | D:9      | what vault is this anyway
 12440 | D:10     | Entered Level 10 of the Dungeon
 12837 | D:10     | Reached skill level 9 in Staves
 12960 | D:10     | Reached skill level 6 in Fighting
 13083 | D:10     | why
 13162 | D:9      | Killed a cyclops
 13197 | D:10     | Reached XP level 12. HP: 83/88 MP: 18/18
 13724 | D:11     | Noticed a centaur warrior
 13733 | D:11     | Killed a centaur warrior
 13819 | D:11     | Identified the +0 robe of the Moon {+Blink Stlth+ Archmagi}
 13840 | D:11     | Reached skill level 6 in Dodging
 14071 | D:11     | Noticed a two-headed ogre
 14076 | D:11     | Killed a two-headed ogre
 14380 | D:12     | Noticed a boulder beetle
 14384 | D:12     | Killed a boulder beetle
 14462 | D:12     | Noticed a two-headed ogre
 14467 | D:12     | Killed a two-headed ogre
 14548 | D:12     | Found a staircase to the Orcish Mines.
 14601 | D:12     | Reached *** piety under Ashenzari
 14611 | D:12     | Noticed a two-headed ogre
 14615 | D:12     | Killed a two-headed ogre
 14831 | D:12     | Noticed a two-headed ogre
 14837 | D:12     | Killed a two-headed ogre
 15233 | Lair:1   | Entered Level 1 of the Lair of Beasts
 15334 | Lair:1   | Reached skill level 12 in Staves
 15353 | Lair:1   | Reached **** piety under Ashenzari
 15504 | Lair:1   | Reached XP level 13. HP: 101/101 MP: 21/21
 15532 | Lair:1   | Identified the ring "Wioterph" {rC+++ rN+ Slay+5}
 15560 | Lair:1   | Noticed Gastronok
 15585 | Lair:1   | Killed Gastronok
 16086 | Lair:2   | Noticed Fannar
 16172 | Lair:2   | Killed Fannar
 16227 | Lair:2   | Found a hole to the Spider Nest.
 16509 | Lair:2   | Reached skill level 12 in Evocations
 16696 | Lair:2   | Reached skill level 9 in Fighting
 16698 | Lair:2   | Identified Asmodeus's Disquisition on the Mob
 16698 | Lair:2   | Found the +3 greatsling "Punk" {acid, rCorr}
 16719 | Lair:2   | Reached skill level 1 in Armour
 16824 | Lair:2   | lol
 17003 | Lair:2   | Reached skill level 3 in Armour
 17496 | Lair:3   | Reached ***** piety under Ashenzari
 17584 | Lair:3   | Reached XP level 14. HP: 94/113 MP: 23/23
 17584 | Lair:3   | Acquired a N-90 hypercapacitor {Gadgeteer, rF+ Will+}
 17647 | Lair:3   | Identified the +5 mace "Hell-Harrower" {vamp, Str+2}
 17780 | Lair:3   | Upgraded the game from 0.32-a0-616-g9348d4545b to
                  | 0.32-a0-630-g46d191b0ed
 18100 | Lair:3   | Found a staircase to the Swamp.
 18296 | Lair:4   | Noticed Sonja
 18300 | Lair:4   | Killed Sonja
 18463 | Lair:4   | Found a staircase to the Slime Pits.
 18463 | Lair:4   | Found a viscous altar of Jiyva.
 18661 | Lair:5   | Entered Level 5 of the Lair of Beasts
 18772 | Lair:5   | Reached skill level 9 in Dodging
 19069 | Lair:5   | Found a glowing golden altar of the Shining One.
 19844 | Lair:5   | Reached XP level 15. HP: 99/127 MP: 25/25
 20337 | D:9      | Identified the Textbook on the Blasted Ground
 20340 | D:9      | Reached skill level 15 in Evocations
 20340 | D:9      | Found the -2 hat of the Alchemist {rElec rPois rF+ rC+ rN+
                  | Will+ rMut rCorr}
 20494 | Orc:1    | Entered Level 1 of the Orcish Mines
 20563 | Orc:1    | Noticed Harold
 20575 | Orc:1    | Killed Harold
 20688 | Orc:2    | Entered Level 2 of the Orcish Mines
 20714 | Orc:1    | Noticed Josephine
 20714 | Orc:1    | Noticed an orc warlord
 20720 | Orc:2    | Killed Josephine
 20756 | Orc:2    | Noticed an orc warlord
 20818 | Orc:2    | Killed an orc warlord
 20922 | Orc:2    | Found a roughly hewn altar of Beogh.
 21002 | Orc:2    | Found a runed translucent gate.
 21002 | Orc:2    | Found a runed translucent gate.
 21002 | Orc:2    | Found a runed translucent gate.
 21002 | Orc:2    | Noticed bronco's ghost (journeyman DENe)
 21178 | Orc:2    | Found a roughly hewn altar of Beogh.
 21225 | Orc:2    | Found a roughly hewn altar of Beogh.
 21229 | Orc:2    | Found Uboeguhu's Jewellery Shop.
 21261 | Orc:2    | Found a staircase to the Elven Halls.
 21264 | Orc:2    | Found a roughly hewn altar of Beogh.
 21359 | Orc:2    | Found Husuum's General Store.
 21392 | Orc:2    | Found a roughly hewn altar of Beogh.
 21410 | Orc:2    | Found a roughly hewn altar of Beogh.
 21430 | Orc:2    | Found Ahojefiuzu's Assorted Antiques.
 21435 | Orc:2    | Bought a scroll of blinking for 202 gold pieces
 21669 | Orc:2    | Killed bronco's ghost
 21752 | Orc:2    | Reached skill level 12 in Fighting
 21869 | Orc:2    | Noticed an orc warlord
 21888 | Orc:2    | Killed an orc warlord
 21937 | Orc:2    | Found Qugoupp's Antique Weapon Emporium.
 21939 | Orc:2    | Found a roughly hewn altar of Beogh.
 21939 | Orc:2    | Found Suwn's Antique Armour Shoppe.
 22137 | Orc:2    | Killed an orc warlord
 22333 | Orc:1    | Reached skill level 1 in Air Magic
 22597 | D:6      | Acquired the +6 Majin-Bo {spellvamp, MP+6 Int+6}
 22597 | D:6      | Found the +6 Majin-Bo {spellvamp, MP+6 Int+6}
 22753 | D:13     | Reached skill level 2 in Air Magic
 22802 | D:13     | Noticed Erolcha
 22809 | D:13     | Killed Erolcha
 22957 | D:13     | Noticed Lodul
 22968 | D:13     | Killed Lodul
 22969 | D:13     | Reached skill level 3 in Air Magic
 22982 | D:13     | Noticed Azrael
 22993 | D:13     | Killed Azrael
 23071 | D:13     | Reached skill level 4 in Air Magic
 23293 | D:13     | Found a gate to the Vaults.
 23299 | D:13     | Reached skill level 5 in Air Magic
 23896 | D:14     | Identified the orb "Eschaofi" {mayhem, Int-2 Dex+7 Conj
                  | Hexes}
 23938 | D:14     | Identified the amulet "Foet Kish" {rF+ RegenMP+ Int+3}
 23997 | D:14     | Reached ****** piety under Ashenzari
 24209 | D:14     | Found a sacrificial altar of Ru.
 24348 | D:14     | Reached skill level 6 in Air Magic
 24467 | D:15     | Entered Level 15 of the Dungeon
 24482 | D:15     | Reached XP level 16. HP: 133/139 MP: 27/27
 24583 | D:15     | Found a shadowy altar of Dithmenos.
 24765 | D:15     | Reached skill level 7 in Air Magic
 24770 | D:15     | Found a staircase to the Depths.
 24923 | D:15     | Found a broken altar of Ashenzari.
 25045 | D:15     | Reached skill level 8 in Air Magic
 25646 | Orc:2    | Bought a runed cloak for 202 gold pieces
 25652 | Orc:2    | Learned a level 3 spell: Swiftness
 25870 | Spider:1 | Entered Level 1 of the Spider Nest
 26120 | Spider:1 | Identified the +9 mace of Putrescence {heavy, rN+ Str+4}
 26131 | Spider:1 | Found a transporter.
 26133 | Spider:1 | Found a transporter.
 26133 | Spider:1 | Identified the +0 pair of boots "Oceluun" {rPois rF++
                  | Int-5}
 26147 | Spider:1 | Reached skill level 9 in Air Magic
 26940 | Spider:2 | Identified the +4 trident "Giant's Toothpick" {spect, rElec
                  | rPois Will+ SInv}
 26946 | Spider:2 | Reached skill level 10 in Air Magic
 27242 | Spider:2 | Noticed Mlioglotl
 27248 | Spider:2 | wait why
 27251 | Spider:2 | Killed Mlioglotl
 27580 | Spider:3 | Reached skill level 11 in Air Magic
 27815 | Spider:3 | Identified the +5 scale mail of the Solstice {Harm rN+}
 27943 | Spider:3 | Reached skill level 6 in Armour
 28140 | Spider:3 | Noticed Nikola
 28140 | Spider:3 | Noticed Arachne
 28141 | Spider:3 | why
 28149 | Spider:3 | why
 28149 | Spider:3 | HP: 12/139 [Arachne/bolt of poison (29)]
 28151 | Spider:3 | Killed Nikola
 28158 | Spider:3 | Killed Arachne
 28159 | Spider:3 | Reached XP level 17. HP: 55/146 MP: 28/28
 28504 | Spider:4 | Entered Level 4 of the Spider Nest
 28910 | Spider:4 | Identified the +2 glaive of the Toothy God {freeze, rC+
                  | Dex+3}
 29040 | Spider:4 | Reached skill level 12 in Dodging
 30121 | Spider:4 | Got a gossamer rune of Zot
 30273 | Swamp:1  | Entered Level 1 of the Swamp
 30508 | Swamp:1  | Noticed Donald
 30518 | Swamp:1  | Killed Donald
 30584 | Swamp:1  | oh
 30591 | Swamp:1  | Reached skill level 12 in Air Magic
 30722 | Swamp:1  | Identified the +1 pair of boots "Xiokuept" {+Blink rPois
                  | Dex+2}
 31037 | Swamp:2  | sigh
 31276 | Swamp:2  | Reached XP level 18. HP: 160/160 MP: 30/30
 31325 | Swamp:2  | Identified the +0 ring mail "Luroem" {Will+}
 31750 | Swamp:3  | Reached skill level 13 in Air Magic
 31824 | Swamp:3  | Identified the +9 battleaxe of Gallantry {antimagic, Int+3}
 32321 | Swamp:4  | Entered Level 4 of the Swamp
 34279 | Swamp:4  | Reached skill level 15 in Fighting
 34292 | Swamp:4  | Noticed a bone dragon
 34328 | Swamp:4  | Killed a bone dragon
 34339 | Swamp:4  | Got a decaying rune of Zot
 34757 | Elf:1    | Entered Level 1 of the Elven Halls
 34785 | Elf:1    | oh right
 34808 | Elf:1    | Found Iwyell Rude's Clear Minds Boutique.
 34841 | Elf:1    | Noticed Jorgrun
 34848 | Elf:1    | Killed Jorgrun
 34864 | Elf:1    | Identified Lulyzxuot's Precepts of Arcane Combat
 34890 | Elf:1    | Acquired 1086 gold pieces
 35081 | Elf:1    | Identified the +6 long sword of Ru {heavy, rF- Str+2 Int+7
                  | Stlth+}
 35436 | Elf:1    | why
 36018 | Elf:1    | Reached XP level 19. HP: 122/171 MP: 26/32
 36474 | Elf:2    | Identified Performing Successful Willworking
 36571 | Elf:2    | why
 36597 | Elf:2    | Reached skill level 18 in Evocations
 36828 | Elf:3    | Entered Level 3 of the Elven Halls
 36965 | Elf:3    | Found Ogief's Armour Boutique.
 36980 | Elf:3    | Paralysed by an air elemental for 1 turns
 37094 | Elf:3    | Paralysed by an air elemental for 1 turns
 37103 | Elf:3    | Paralysed by an air elemental for 1 turns
 37113 | Elf:3    | Paralysed by an air elemental for 1 turns
 37877 | Vaults:1 | Entered Level 1 of the Vaults
 37892 | Vaults:1 | Found Miffaole's Book Shoppe.
 37900 | Vaults:1 | Bought the Incunable of Clouds for 418 gold pieces
 37905 | Vaults:1 | Learned a level 4 spell: Airstrike
 37963 | Vaults:1 | Found a portal to a secret trove of treasure.
 37997 | Vaults:1 | Noticed Zenata
 38361 | Vaults:1 | Reached skill level 14 in Air Magic
 38744 | Vaults:1 | Found a runed translucent gate.
 38744 | Vaults:1 | Found a runed translucent gate.
 38744 | Vaults:1 | Found a runed translucent gate.
 39280 | Vaults:1 | Found a glowing golden altar of the Shining One.
 39608 | Vaults:2 | ow why
 39610 | Vaults:2 | Reached skill level 15 in Air Magic
 40492 | Vaults:2 | Paralysed by a formless jellyfish for 1 turns
 40825 | Vaults:2 | Reached XP level 20. HP: 98/174 MP: 31/31
 41083 | Vaults:2 | Reached skill level 16 in Air Magic
 41738 | Elf:2    | Found a huge runed translucent gate.
 41738 | Elf:2    | Found a huge runed translucent gate.
 41738 | Elf:2    | Found a huge runed translucent gate.
 41738 | Elf:2    | Found a huge runed translucent gate.
 41738 | Elf:2    | Found a huge runed translucent gate.
 42054 | Elf:3    | Reached skill level 17 in Air Magic
 42550 | Elf:3    | Identified Ajilit's Vellum of the Union
 42551 | Elf:3    | Identified the +2 orcbow "Bingo" {freeze, Will++}
 42552 | Elf:3    | Identified the +1 pair of gloves "Govidugo" {rF+ Dex+4}
 42575 | Elf:3    | Identified the staff of the Slime-mould {rC+ Will+ Ice}
 42575 | Elf:3    | Identified the +9 halberd of Dikiraufu {freeze, rC+ rN+
                  | Str+2}
 43061 | Elf:2    | Reached skill level 18 in Air Magic
 44802 | Vaults:3 | Reached XP level 21. HP: 177/177 MP: 22/31
 44813 | Vaults:3 | Reached skill level 19 in Air Magic
 45441 | Vaults:3 | Found a staircase to the Crypt.
 45698 | Vaults:3 | Noticed Asterion
 45710 | Vaults:3 | Killed Asterion
 45997 | Vaults:4 | Found a crumbling gateway.
 46048 | Desolati | Entered the Desolation of Salt
 46383 | Desolati | Identified the +2 broad axe of Gehenna {drain, Str+3 Int+2}
 46402 | Desolati | Identified the ring "Negow" {Fly rF+++ Will+ SInv Stlth-}
 46654 | Desolati | what
 46787 | Desolati | Reached skill level 15 in Dodging
 46898 | Desolati | Identified the ring of Faroahiq {rF++ Will+ Slay+3 SInv}
 46991 | Desolati | Identified the Incunable of the Non-Euclidean Mob
 47000 | Desolati | eh
 47017 | Desolati | Identified Detruoru's Exposition on Floating Congelation
 47501 | Desolati | Identified the ring "Canolat" {Ice rPois Will+}
 47575 | Desolati | Identified the +9 orcbow of Distant Shores {drain, rPois}
 47575 | Desolati | Identified the ring "Felag" {rC- Will+ rCorr Str+7}
 47723 | Desolati | Identified the +10 scimitar "Acivvo" {speed, rPois Will+
                  | Dex+5}
 47765 | Desolati | Reached XP level 22. HP: 192/194 MP: 34/34
 47805 | Desolati | Identified the +7 sling of Fenoulat {antimagic, *Slow
                  | Int+7}
 48048 | Vaults:4 | Reached skill level 9 in Armour
 48897 | Vaults:4 | Found Ponagium's Antique Weapon Shop.
 49311 | Crypt:1  | Entered Level 1 of the Crypt
 49591 | Crypt:1  | Reached skill level 18 in Fighting
 50467 | Crypt:2  | Identified the +3 short sword of the Wheel {freeze, Int+6}
 50662 | Crypt:2  | Identified the +6 scale mail "Jocwitroack" {^Contam Will+
                  | SInv}
 50675 | Crypt:2  | Identified the +4 robe "Nasku" {+Inv rF++ Dex-3 Stlth+}
 50675 | Crypt:2  | Noticed Boris
 50676 | Crypt:2  | why
 50692 | Crypt:2  | Killed Boris
 51003 | Crypt:2  | Reached XP level 23. HP: 155/204 MP: 35/35
 51319 | Crypt:3  | Entered Level 3 of the Crypt
 51757 | Crypt:3  | Reached skill level 20 in Air Magic
 51914 | Crypt:3  | Noticed Vv
 51915 | Crypt:3  | oh
 51931 | Crypt:3  | Killed Vv
 52414 | Crypt:3  | Found a staircase to the Tomb.
 52761 | Crypt:3  | Noticed Khufu
 52788 | Crypt:3  | sigh
 52973 | Vaults:1 | Bought Maxwell's Memoranda for 440 gold pieces
 52982 | Vaults:1 | Learned a level 8 spell: Maxwell's Capacitive Coupling
 53198 | Crypt:3  | Killed Khufu
 53444 | Crypt:3  | Noticed a dread lich
 53448 | Crypt:3  | Killed a dread lich
 53498 | Crypt:3  | Found an ancient bone altar of Kikubaaqudgha.
 53617 | Crypt:3  | Identified the staff of Ysmeocs {rF+ Str+3 Conj Hexes}
 54112 | Vaults:1 | Killed Zenata
 54126 | Vaults:1 | Learned a level 4 spell: Vhi's Electric Charge
 54240 | Depths:1 | Entered Level 1 of the Depths
 54292 | Depths:1 | Noticed Norris
 54314 | Depths:1 | Killed Norris
 54315 | Depths:1 | Reached skill level 6 in Spellcasting
 54426 | Depths:1 | Reached skill level 21 in Air Magic
 54735 | Depths:1 | Found a gateway to Hell.
 55455 | Depths:2 | Reached XP level 24. HP: 202/212 MP: 30/37
 55596 | Depths:2 | Found a one-way gate to the infinite horrors of the Abyss.
 55611 | Depths:2 | Noticed a juggernaut
 55615 | Depths:2 | Killed a juggernaut
 55616 | Depths:2 | Reached skill level 22 in Air Magic
 55855 | Depths:2 | Noticed a caustic shrike
 55858 | Depths:2 | Killed a caustic shrike
 55864 | Depths:2 | Identified the ring "Defuom" {rElec rF- EV+5 Str+3}
 56311 | Depths:2 | Identified the staff of Mahatroot {Int+3 Ice Earth}
 56312 | Depths:2 | Identified the +0 leather armour of Iwel {Harm rPois}
 56565 | Depths:2 | Noticed a juggernaut
 56571 | Depths:2 | Killed a juggernaut
 56954 | Depths:2 | Found a one-way gate leading to the halls of Pandemonium.
 57021 | Depths:3 | Noticed the Enchantress
 57049 | Depths:3 | Killed the Enchantress
 57050 | Depths:3 | Reached skill level 23 in Air Magic
 57598 | Depths:3 | Found a one-way gateway to a ziggurat.
 57808 | Depths:3 | Noticed a juggernaut
 57825 | Depths:3 | Killed a juggernaut
 58233 | Depths:3 | Identified the Folio of Seismic Flames
 58267 | Depths:3 | Reached XP level 25. HP: 225/225 MP: 37/37
 58276 | Depths:3 | Noticed a juggernaut
 58281 | Depths:3 | Killed a juggernaut
 58735 | Depths:3 | Found the dreamshard necklace {Acrobat *Dream}
 59110 | Depths:4 | Entered Level 4 of the Depths
 59148 | Depths:4 | Found Rininwops's Distillery.
 59279 | Depths:4 | Found Usuecil's General Store.
 59284 | Depths:4 | Bought a scroll of teleportation for 63 gold pieces
 59531 | Depths:4 | Found a gate to the Realm of Zot.
 59545 | Depths:4 | Reached skill level 21 in Fighting
 59944 | Depths:4 | Bought a potion of mutation for 168 gold pieces
 59944 | Depths:4 | Bought a potion of haste for 210 gold pieces
 59944 | Depths:4 | Bought 2 potions of curing for 126 gold pieces
 59944 | Depths:4 | Bought a potion of invisibility for 168 gold pieces
 59944 | Depths:4 | Bought a potion of mutation for 168 gold pieces
 59980 | Depths:4 | Found Cegoef's General Store.
 59988 | Depths:4 | Bought a potion of mutation for 144 gold pieces
 59988 | Depths:4 | Bought a scroll of fog for 72 gold pieces
 59988 | Depths:4 | Bought a potion of magic for 144 gold pieces
 59988 | Depths:4 | Bought a wand of digging (9) for 680 gold pieces
 60224 | Depths:4 | Found Uhiesutt's Jewellery Emporium.
 60224 | Depths:4 | Found Warefyew's Armour Shoppe.
 60228 | Depths:4 | Found Cobim's Distillery.
 60241 | Depths:4 | Bought a potion of mutation for 136 gold pieces
 60241 | Depths:4 | Bought a potion of heal wounds for 85 gold pieces
 60241 | Depths:4 | Bought a potion of enlightenment for 85 gold pieces
 60241 | Depths:4 | Bought a potion of enlightenment for 85 gold pieces
 60241 | Depths:4 | Bought a potion of haste for 170 gold pieces
 60700 | Vaults:5 | Entered Level 5 of the Vaults
 60703 | Vaults:5 | hm
 60766 | Vaults:5 | Noticed a dread lich
 60767 | Vaults:5 | Identified the +1 leather armour of Dule {rF+}
 60779 | Vaults:5 | Killed a dread lich
 61317 | Vaults:5 | Identified the +10 longbow of Scuffed Optimality {freeze,
                  | rF- Int+7}
 61317 | Vaults:5 | Identified the +5 scale mail of Misicyess {rC- rCorr Slay-6
                  | SInv}
 61579 | Vaults:5 | Identified the ring of the Shimmering Gods {rElec rF+ rN++}
 61584 | Vaults:5 | Reached skill level 3 in Translocations
 61584 | Vaults:5 | Reached XP level 26. HP: 209/242 MP: 37/37
 61799 | Vaults:5 | Identified the amulet "Ygoicvy" {Spirit rElec rF- rCorr}
 62259 | Vaults:5 | Identified the staff of Jiuskiy {rC+ rN+ MP+9 Int+3 Conj
                  | Necro}
 62479 | Vaults:5 | Identified the staff of Qusoitud {rC+ Tloc Ice}
 62627 | Vaults:5 | Identified the ring "Biecs" {rN+ Will+ Str+3 Dex+6}
 62646 | Vaults:5 | Noticed an ancient lich
 62650 | Vaults:5 | Killed an ancient lich
 62792 | Vaults:5 | Identified the Exposition on Alchemical Incineration
 62800 | Vaults:5 | Got a silver rune of Zot
 63396 | Zot:1    | Entered Level 1 of the Realm of Zot
 64269 | Zot:1    | Reached skill level 24 in Air Magic
 66085 | Zot:3    | Reached skill level 25 in Air Magic
 66097 | Zot:3    | Reached XP level 27. HP: 242/249 MP: 34/39
 66098 | Zot:3    | Noticed Grunn
 66102 | Zot:3    | what
 66105 | Zot:3    | Killed Grunn
 66562 | Zot:5    | Entered Level 5 of the Realm of Zot
 66562 | Zot:5    | Noticed an orb of fire
 66563 | Zot:5    | why
 66862 | Zot:4    | Reached skill level 18 in Dodging
 67650 | Zot:4    | why
 69039 | Zot:5    | sigh
 69050 | Zot:5    | Reached skill level 12 in Armour
 69301 | Zot:5    | Gained mutation: Your magical capacity is low. (-10% MP)
                  | [an orb of fire]
 69309 | Zot:5    | Killed an orb of fire
 69435 | Zot:5    | Noticed an orb of fire
 69437 | Zot:5    | Gained mutation: You are frail. (-10% HP) [an orb of fire]
 69439 | Zot:5    | Killed an orb of fire
 69453 | Zot:5    | Lost mutation: You are frail. (-10% HP) [potion of
                  | mutation]
 69453 | Zot:5    | Lost mutation: Your magical capacity is low. (-10% MP)
                  | [potion of mutation]
 69453 | Zot:5    | Gained mutation: You are robust. (+10% HP) [potion of
                  | mutation]
 69453 | Zot:5    | Gained mutation: Potions are less effective at restoring
                  | your health. [potion of mutation]
 69453 | Zot:5    | Gained mutation: Your system is resistant to poisons.
                  | (rPois) [potion of mutation]
 69827 | Zot:5    | why
 69906 | Zot:5    | Noticed a dread lich
 69906 | Zot:5    | Noticed an electric golem
 69922 | Zot:5    | :(
 69929 | Zot:5    | Killed an electric golem
 69935 | Zot:5    | Killed a dread lich
 70047 | Zot:5    | Noticed an orb of fire
 70051 | Zot:5    | Killed an orb of fire
 70497 | Zot:5    | Noticed an orb of fire
 70502 | Zot:5    | Killed an orb of fire
 70570 | Zot:5    | Learned a level 1 spell: Apportation
 70583 | Zot:5    | Got the Orb of Zot
 70588 | Zot:5    | Noticed an ancient lich
 70588 | Zot:5    | Noticed a dread lich
 70589 | Zot:5    | oops
 70632 | Zot:3    | Noticed Cailil the pandemonium lord
 70647 | Zot:3    | Killed Cailil the pandemonium lord
 70648 | Zot:3    | Reached skill level 21 in Dodging
 70752 | Zot:1    | Identified the +4 robe of Cesydy Noib {rN+ Int+5}
 70752 | Zot:1    | Noticed Boris
 70753 | Zot:1    | why
 70754 | Zot:1    | why
 70757 | Zot:1    | Killed Boris
 70762 | Zot:1    | hm
 70775 | Zot:1    | sigh
 70948 | D:15     | Noticed Disaac the pandemonium lord
 70948 | D:15     | hm
 71028 | D:12     | Noticed Saklaca the pandemonium lord
 71028 | D:12     | why
 71176 | D:4      | Noticed Wonny the pandemonium lord
 71185 | D:4      | Killed Wonny the pandemonium lord
 71255 | D:$      | Escaped with the Orb!

Levels and vault maps discovered:
D:1:      minmay_arrival_doors, layout_basic
D:2:      wad_river_or_something, layout_loops_ring, basic_altar, uniq_jessica,
          uniq_natasha
D:3:      minmay_skewed_foursquare, layout_loops_corners, tso_metal_star,
          shapermc_ecumenical_altar_starsandcircs, roderic_roman_lattice
D:4:      layout_cave_pods, hellmonk_sif_muna_bookshelves,
          nicolae_ossuary_entry_plus
D:5:      layout_basic, serial_shops, nicolae_shop_behind_doors, uniq_edmund,
          uniq_sigmund
D:6:      layout_loops_ring, minmay_temple_entry_mist
D:7:      layout_loops_ring, uniq_prince_ribbit1
D:8:      layout_basic, david_lair_shrubbed, enter_bailey_4
D:9:      minmay_sliced_demisemicircle, layout_basic, uniq_erica
D:10:     layout_loops_cross, serial_demonic, serial_demonic_e,
          serial_demonic_e, serial_demonic_f, serial_demonic_d
D:11:     layout_cave_pools
D:12:     layout_loops_corners, david_orc_2
D:13:     layout_cave_pods, david_vaults_1, serial_column_ruins,
          column_ruins_square_medium, column_ruins_hut_pillars,
          column_ruins_grid_1, column_ruins_grid_1, column_ruins_open_medium,
          column_ruins_columns_dead_end, column_ruins_open_tiny, uniq_lodul,
          uniq_azrael, uniq_erolcha
D:14:     layout_gridville, nicolae_ru_path_of_blood
D:15:     grunt_enter_depths_snipers, layout_irregular_city,
          nicolae_ashenzari_skybound, nicolae_dithmenos_through_a_glass_darkly
Temple:   nicolae_temple_bog_church
Lair:1:   layout_long_grid, minmay_stone_trees_small, infiniplex_staircase_pool,
          grunt_megastairs_2, lemuel_fruit_fields, uniq_gastronok
Lair:2:   nzn_winding_woodlands_cross [nzn_winding_woodlands_5x15_longhouse,
          nzn_winding_woodlands_5x15_pool, nzn_winding_woodlands_5x15_jagged,
          nzn_winding_woodlands_5x15_eye, nzn_winding_woodlands_15x15_eel_pit],
          layout_layer_cave, spider_nest_entry_a, grunt_megastairs_3,
          uniq_fannar
Lair:3:   layout_regular_city, palyth_hydra_swamp_entry, lemuel_fruit_fields,
          grunt_megastairs_1, infiniplex_staircase_pool_2
Lair:4:   layout_big_grid, minmay_slime_entry_pillars, uniq_sonja
Lair:5:   wormcave, layout_big_grid, basic_altar, st_stairs_6,
          kennysheep_abandoned_house
Swamp:1:  layout_basic_swamp, nicolae_swamp_stuck_in_the_mud, swamp_pool_4,
          uniq_donald
Swamp:2:  layout_basic_swamp, nicolae_swamp_orc_logging_accident
Swamp:3:  layout_basic_swamp, evilmike_swamp_ruin_rubble_2, swamp_pool_5
Swamp:4:  swamp_pestilence, layout_basic_swamp, swamp_pool_5,
          nicolae_swamp_decorative_isthmus
Spider:1: gammafunk_boulding_lane
Spider:2: layout_spider_delve, uniq_mlioglotl
Spider:3: layout_spider_delve, uniq_nikola, uniq_arachne
Spider:4: grunt_spider_rune_circles, nicolae_spider_rock_and_or_roll
Orc:1:    layout_caves, uniq_harold, uniq_josephine
Orc:2:    grunt_orc_community_town_hall, layout_caves,
          grunt_orc_community_big_house_2, grunt_orc_community_big_house_2,
          grunt_orc_community_house_2, grunt_orc_community_house_1,
          grunt_orc_community_house_1, grunt_orc_community_house_1,
          grunt_orc_community_house_3, grunt_orc_community_house_1,
          serial_shops, shop, ebering_ghost_rock_garden
Elf:1:    layout_geoelf_grid, minmay_elf_annihilation, nicolae_clarity_for_sale,
          uniq_jorgrun
Elf:2:    elven_hall_of_blades_hangedman_alternative [nicolae_blade_bullseye],
          layout_rooms, kilobyte_mutagenic_chamber
Elf:3:    elf_hall, layout_geoelf_grid, serial_shops, shop
Vaults:1: abrahamwl_protected_by_tso_2, vaults_room_stairs_pillars,
          layout_vaults_omnigrid, trove_entry_hex_spiral, serial_shops, shop,
          uniq_zenata
Vaults:2: v_rooms_4, nicolae_vaults_turnstiles, hangedman_vaults_stitches,
          nicolae_vaults_spaceships, nicolae_vaults_little_squares_1,
          ontoclasm_vaults_misaligned, vaults_mumra_hex, vaults_mumra_hexcomb,
          nicolae_vaults_little_squares_2, vaults_room_large_hall,
          nicolae_vaults_trapezoid_1, layout_vaults_omnicross, uniq_margery
Vaults:3: nicolae_vaults_statue_guard, nicolae_vaults_puzzle_piece,
          grunt_vaults_swirl, vaults_room_grid, nicolae_vaults_house_2,
          nicolae_vaults_storage_room_glass, lightli_orcish_oven, v_misc_26,
          layout_vaults_big_room, uniq_asterion
Vaults:4: portal_desolation_entry_nicolae_nacl, nicolae_vaults_border_crossing,
          nicolae_vaults_network_star, v_rooms_1, v_pattern_1,
          nicolae_vaults_closet_pinwheel_4, vaults_standard_mumra_lines,
          nicolae_vaults_loss_of_containment, nicolae_vaults_cochlea,
          layout_vaults_omnibox, serial_shops, shop
Vaults:5
Crypt:1:  layout_chaotic_city, minmay_misc_feat_five, grunt_crypt_arrival_split
Crypt:2:  layout_basic, grunt_megastairs_5, uniq_boris
Crypt:3:  cryptofortress_bobbens, uniq_vv, uniq_josephina, uniq_khufu
Depths:1: layout_gridlike, hell_entry, kennysheep_potato, uniq_norris
Depths:2: minmay_tile_spiral, layout_cave_shapes, minmay_misc_feat_rows,
          grunt_pan_entry_in_and_out, abyss_entry, pf_coc_iceberg,
          minmay_misc_feat_doors, minmay_staircase_windowed_large,
          kennysheep_random_hallway
Depths:3: angbandy_vault, layout_cave_pools, enter_ziggurat_d, hell_entry,
          abyss_entry, minmay_misc_feat_four_crosses, minivault_16,
          infiniplex_staircase_pillars_1, uniq_enchantress
Depths:4: grunt_zot_entry_tricorne, layout_cave_shapes, hell_entry,
          serial_shops, shop, nicolae_shop_rolling_square,
          nicolae_shop_pleasant_corner_grove, minmay_shop_star
Zot:1:    layout_cathedral_of_symmetry, hangedman_zot_decor_checkerboard,
          grunt_megastairs_4
Zot:2:    layout_misc_corridors
Zot:3:    lemuel_acid_trip, layout_concentric_octagons,
          regret_index_zotdec_silver_v_v_orig_slice, uniq_grunn
Zot:4:    layout_onion_interference, st_stairs_10
Zot:5:    layout_onion

Action                     |  1- 3 |  4- 6 |  7- 9 | 10-12 | 13-15 | 16-18 | 19-21 | 22-24 | 25-27 || total
---------------------------+-------+-------+-------+-------+-------+-------+-------+-------+-------++-------
  Melee: Dagger            |    35 |   251 |    77 |       |       |       |       |       |       ||   363
         Spear             |    43 |       |       |       |       |       |       |       |       ||    43
         Staff             |     1 |       |    56 |   771 |  1688 |  1932 |  1868 |  1998 |  1562 ||  9876
  Throw: Dart              |       |       |       |     5 |     7 |       |       |       |       ||    12
   Cast: Magic Dart        |    32 |       |       |       |       |       |       |       |       ||    32
         Call Imp          |     5 |    23 |    11 |       |       |       |       |       |       ||    39
         Summon Ice Beast  |       |       |    48 |    47 |     2 |     1 |       |       |       ||    98
         Hailstorm         |       |       |       |       |       |    11 |     1 |       |       ||    12
         Airstrike         |       |       |       |       |       |       |   140 |    66 |       ||   206
         Swiftness         |       |       |       |       |       |       |     1 |       |       ||     1
         Maxwell's Capacit |       |       |       |       |       |       |       |    19 |   140 ||   159
         Blink             |       |       |       |       |       |       |       |       |     2 ||     2
 Invoke: Curse Item        |       |       |     1 |     4 |     3 |     2 |     2 |       |       ||    12
         Shatter the Chain |       |       |       |       |     2 |     1 |     2 |       |       ||     5
Ability: Invent Gizmo      |       |       |       |       |     1 |       |       |       |       ||     1
  Evoke: Wand              |       |       |       |       |     3 |     8 |     8 |    14 |     6 ||    39
         Phantom mirror    |       |       |       |       |       |     3 |     2 |     3 |       ||     8
         Box of beasts     |       |       |       |       |       |     3 |     4 |     4 |       ||    11
         Phial of floods   |       |       |       |       |       |       |       |     4 |     2 ||     6
         Lightning rod     |       |       |       |       |       |       |       |     3 |     4 ||     7
    Use: Scroll            |       |     6 |     5 |    11 |     3 |     2 |     3 |     2 |    13 ||    45
         Potion            |       |       |       |     1 |       |     8 |     1 |       |    30 ||    40
   Stab: Sleeping          |       |     6 |       |     2 |     3 |     6 |     1 |     7 |       ||    25
         Distracted        |       |     1 |       |     4 |       |     4 |     2 |     2 |     6 ||    19
         Paralysed         |       |       |       |       |     3 |       |       |     4 |       ||     7
 Armour: Robe              |     9 |       |       |       |       |       |       |       |       ||     9
         Leather armour    |     5 |    62 |    33 |       |       |       |       |       |       ||   100
         Ring mail         |       |       |    24 |   213 |   338 |   518 |   414 |   369 |   400 ||  2276
  Dodge: Dodged            |    22 |    46 |    39 |   201 |   426 |   580 |   591 |   641 |   722 ||  3268
